SL
PITTSBURGH KINGFISHERS @ LAS VEGAS FLAMINGOS
07/16/2050
 
TOP OF THE 1ST
Pittsburgh Kingfishers batting - Pitching for Las Vegas Flamingos : RHP Miguel Pérez
Pitching: RHP Miguel Pérez
Batting: RHB Alohinani Puanani 0-0: Ball
1-0: Ball
2-0: Called Strike
2-1: Foul Ball, location: 2F
2-2: Ball
3-2: Base on Balls
Batting: LHB Martín Flores 0-0: Foul Ball, location: 2F
0-1: Ball
1-1: Ball
2-1: Grounds into double play, 6-4-3 (Groundball, 6MS, EV 86.9 MPH)
Batting: LHB Kyung-chul Son 0-0: Ground out 5-3 (Groundball, 5, EV 101.9 MPH)
Top of the 1st over - 0 runs, 0 hits, 0 errors, 0 left on base; Pittsburgh 0 - Las Vegas 0
BOTTOM OF THE 1ST
Las Vegas Flamingos batting - Pitching for Pittsburgh Kingfishers : LHP Gabel Ambrosius
Pitching: LHP Gabel Ambrosius
Batting: SHB Koryusai Ohayashi 0-0: Ground out 4-3 (Groundball, 4, EV 85.6 MPH)
Batting: RHB César Chávez 0-0: Swinging Strike
0-1: Ball
1-1: Ball
2-1: Fly out, F4 (Popup, 13S, EV 83.8 MPH)
Batting: RHB Andrew Wilson 0-0: Ball
1-0: Ball
2-0: SINGLE (Line Drive, 56, EV 98.8 MPH)
Batting: RHB Santiago Harmon 0-0: Ball
1-0: Ball
2-0: Called Strike
2-1: Ball
3-1: Fielders Choice at 2nd, 6-4 (Groundball, 56, EV 91.2 MPH)
Bottom of the 1st over - 0 runs, 1 hit, 0 errors, 1 left on base; Pittsburgh 0 - Las Vegas 0
TOP OF THE 2ND
Pittsburgh Kingfishers batting - Pitching for Las Vegas Flamingos : RHP Miguel Pérez
Batting: LHB Philip Todd 0-0: Called Strike
0-1: Swinging Strike
0-2: Strikes out looking
Batting: RHB Ignacio Páez 0-0: Called Strike
0-1: Ball
1-1: Ball
2-1: Foul Ball, location: 2F
2-2: Fly out, F9 (Flyball, 89M, EV 88.1 MPH)
Batting: LHB Wing-kit Ou-yang 0-0: Called Strike
0-1: DOUBLE (Line Drive, 89D, EV 98.1 MPH)
Batting: RHB Luis Pamparacuatro 0-0: Ground out 4-3 (Groundball, 4, EV 84.4 MPH)
Top of the 2nd over - 0 runs, 1 hit, 0 errors, 1 left on base; Pittsburgh 0 - Las Vegas 0
BOTTOM OF THE 2ND
Las Vegas Flamingos batting - Pitching for Pittsburgh Kingfishers : LHP Gabel Ambrosius
Batting: LHB Chan-ho Shinn 0-0: Ball
1-0: Fly out, F7 (Flyball, 7, EV 94.4 MPH)
Batting: RHB Gilberto Escamilla 0-0: Called Strike
0-1: Ground out 1-3 (Groundball, 15S, EV 64.4 MPH)
Batting: LHB Rubén Larreta 0-0: Called Strike
0-1: Ground out 6-3 (Groundball, 6S, EV 65.6 MPH)
Bottom of the 2nd over - 0 runs, 0 hits, 0 errors, 0 left on base; Pittsburgh 0 - Las Vegas 0
TOP OF THE 3RD
Pittsburgh Kingfishers batting - Pitching for Las Vegas Flamingos : RHP Miguel Pérez
Batting: RHB Jesús Cortéz 0-0: Fly out, F8 (Line Drive, 78D, EV 88.8 MPH)
Batting: RHB Bastien Oudin 0-0: Ball
1-0: Swinging Strike
1-1: Swinging Strike
1-2: Fly out, F7 (Line Drive, 7, EV 91.2 MPH)
Batting: RHB Alohinani Puanani 0-0: Ball
1-0: Called Strike
1-1: Foul Ball, location: 2F
1-2: Foul Ball, location: 2F
1-2: Strikes out swinging
Top of the 3rd over - 0 runs, 0 hits, 0 errors, 0 left on base; Pittsburgh 0 - Las Vegas 0
BOTTOM OF THE 3RD
Las Vegas Flamingos batting - Pitching for Pittsburgh Kingfishers : LHP Gabel Ambrosius
Batting: RHB Mike Gilmore 0-0: Bunt for hit to 2R - play at first, batter OUT! 2-3
Batting: LHB Raúl Miranda 0-0: Ball
1-0: Ball
2-0: Called Strike
2-1: Ground out 6-3 (Groundball, 6, EV 88.8 MPH)
Batting: SHB Koryusai Ohayashi 0-0: Called Strike
0-1: Ball
1-1: Ball
2-1: Fly out, F8 (Line Drive, 8RD, EV 91.9 MPH)
Bottom of the 3rd over - 0 runs, 0 hits, 0 errors, 0 left on base; Pittsburgh 0 - Las Vegas 0
TOP OF THE 4TH
Pittsburgh Kingfishers batting - Pitching for Las Vegas Flamingos : RHP Miguel Pérez
Batting: LHB Martín Flores 0-0: Foul Ball, location: 2F
0-1: Foul Ball, location: 2F
0-2: Strikes out swinging passed ball, reaches first!
Batting: LHB Kyung-chul Son 0-0: Called Strike
0-1: Grounds into double play, 6-4-3 (Groundball, 6, EV 105.0 MPH)
Batting: LHB Philip Todd 0-0: Fly out, F8 (Line Drive, 8RM, EV 84.4 MPH)
Top of the 4th over - 0 runs, 0 hits, 0 errors, 0 left on base; Pittsburgh 0 - Las Vegas 0
BOTTOM OF THE 4TH
Las Vegas Flamingos batting - Pitching for Pittsburgh Kingfishers : LHP Gabel Ambrosius
Batting: RHB César Chávez 0-0: Ground out 1-3 (Groundball, 13, EV 67.5 MPH)
Batting: RHB Andrew Wilson 0-0: Called Strike
0-1: Foul Ball, location: 2F
0-2: Strikes out swinging, 2-3 out at first.
Batting: RHB Santiago Harmon 0-0: Ball
1-0: Ground out 4-3 (Groundball, 34, EV 93.8 MPH)
Bottom of the 4th over - 0 runs, 0 hits, 0 errors, 0 left on base; Pittsburgh 0 - Las Vegas 0
TOP OF THE 5TH
Pittsburgh Kingfishers batting - Pitching for Las Vegas Flamingos : RHP Miguel Pérez
Batting: RHB Ignacio Páez 0-0: Called Strike
0-1: Swinging Strike
0-2: Ball
1-2: Foul Ball, location: 2F
1-2: Strikes out looking
Batting: LHB Wing-kit Ou-yang 0-0: Ball
1-0: Ball
2-0: Called Strike
2-1: Called Strike
2-2: Strikes out looking
Batting: RHB Luis Pamparacuatro 0-0: Swinging Strike
0-1: Ball
1-1: Ball
2-1: Fly out, F7 (Line Drive, 7, EV 94.4 MPH)
Top of the 5th over - 0 runs, 0 hits, 0 errors, 0 left on base; Pittsburgh 0 - Las Vegas 0
BOTTOM OF THE 5TH
Las Vegas Flamingos batting - Pitching for Pittsburgh Kingfishers : LHP Gabel Ambrosius
Batting: LHB Chan-ho Shinn 0-0: Called Strike
0-1: Foul Ball, location: 2F
0-2: Strikes out looking
Batting: RHB Gilberto Escamilla 0-0: Ball
1-0: Ball
2-0: Ball
3-0: Base on Balls
Batting: LHB Rubén Larreta 0-0: Grounds into double play, 4-6-3 (Groundball, 4, EV 103.8 MPH)
Bottom of the 5th over - 0 runs, 0 hits, 0 errors, 0 left on base; Pittsburgh 0 - Las Vegas 0
TOP OF THE 6TH
Pittsburgh Kingfishers batting - Pitching for Las Vegas Flamingos : RHP Miguel Pérez
Batting: RHB Jesús Cortéz 0-0: Foul Ball, location: 2F
0-1: Swinging Strike
0-2: Ball
1-2: Strikes out swinging
Batting: RHB Bastien Oudin 0-0: Ground out 6-3 (Groundball, 6, EV 98.8 MPH)
Batting: RHB Alohinani Puanani 0-0: Ball
1-0: Called Strike
1-1: Swinging Strike
1-2: Ball
2-2: Strikes out swinging
Top of the 6th over - 0 runs, 0 hits, 0 errors, 0 left on base; Pittsburgh 0 - Las Vegas 0
BOTTOM OF THE 6TH
Las Vegas Flamingos batting - Pitching for Pittsburgh Kingfishers : LHP Gabel Ambrosius
Batting: RHB Mike Gilmore 0-0: Ball
1-0: Fly out, F9 (Flyball, 89S, EV 76.2 MPH)
Batting: LHB Raúl Miranda 0-0: Called Strike
0-1: Called Strike
0-2: Ball
1-2: Strikes out swinging
Batting: SHB Koryusai Ohayashi 0-0: Ground out 6-3 (Groundball, 6MS, EV 86.2 MPH)
Bottom of the 6th over - 0 runs, 0 hits, 0 errors, 0 left on base; Pittsburgh 0 - Las Vegas 0
TOP OF THE 7TH
Pittsburgh Kingfishers batting - Pitching for Las Vegas Flamingos : RHP Miguel Pérez
Batting: LHB Martín Flores 0-0: Called Strike
0-1: Foul Ball, location: 2F
0-2: Hit by Pitch
Batting: LHB Kyung-chul Son 0-0: Called Strike
0-1: Called Strike
0-2: Grounds into double play, 4-6-3 (Groundball, 34, EV 83.8 MPH)
Batting: LHB Philip Todd 0-0: Ball
1-0: Called Strike
1-1: Called Strike
1-2: Strikes out looking
Top of the 7th over - 0 runs, 0 hits, 0 errors, 0 left on base; Pittsburgh 0 - Las Vegas 0
BOTTOM OF THE 7TH
Las Vegas Flamingos batting - Pitching for Pittsburgh Kingfishers : LHP Gabel Ambrosius
Batting: RHB César Chávez 0-0: Ball
1-0: Ball
2-0: Ball
3-0: Base on Balls
Batting: RHB Andrew Wilson 0-0: Called Strike
0-1: Ball
1-1: Foul Ball, location: 2F
1-2: Fielders Choice at 2nd, 5-4 (Groundball, 56, EV 104.4 MPH)
Batting: RHB Santiago Harmon 0-0: DOUBLE (Flyball, 89XD, EV 114.4 MPH)
Andrew Wilson to third
Runner from 3rd tries for Home, SAFE, no throw by CF
Batting: LHB Chan-ho Shinn 0-0: Ball
1-0: Fly out, F7 (Flyball, 78S, EV 86.9 MPH)
Batting: RHB Gilberto Escamilla 0-0: Swinging Strike
0-1: Foul Ball, location: 2F
0-2: Ball
1-2: Foul Ball, location: 2F
1-2: Ground out 5-3 (Groundball, 56S, EV 68.1 MPH)
Bottom of the 7th over - 1 run, 1 hit, 0 errors, 1 left on base; Pittsburgh 0 - Las Vegas 1
TOP OF THE 8TH
Pittsburgh Kingfishers batting - Pitching for Las Vegas Flamingos : RHP Miguel Pérez
Now in CF: Juan Santángel
Now in RF: Raúl Miranda
Batting: RHB Ignacio Páez 0-0: Called Strike
0-1: Swinging Strike
0-2: Strikes out swinging
Batting: LHB Wing-kit Ou-yang 0-0: Ball
1-0: Ground out 5-3 (Groundball, 5, EV 104.4 MPH)
Batting: RHB Luis Pamparacuatro 0-0: Ball
1-0: Foul Ball, location: 2F
1-1: Foul Ball, location: 2F
1-2: SINGLE (Line Drive, 89M, EV 85.0 MPH)
Batting: RHB Jesús Cortéz 0-0: Called Strike
Luis Pamparacuatro steals 2nd base
0-1: Foul Ball, location: 2F
0-2: Ball
1-2: Strikes out swinging
Top of the 8th over - 0 runs, 1 hit, 0 errors, 1 left on base; Pittsburgh 0 - Las Vegas 1
BOTTOM OF THE 8TH
Las Vegas Flamingos batting - Pitching for Pittsburgh Kingfishers : LHP Gabel Ambrosius
Batting: LHB Rubén Larreta 0-0: Ball
1-0: Fly out, F7 (Line Drive, 7D, EV 95.0 MPH)
Batting: RHB Mike Gilmore 0-0: Fly out, F8 (Flyball, 8LD, EV 100.0 MPH)
Batting: LHB Raúl Miranda 0-0: Called Strike
0-1: Ball
1-1: Foul Ball, location: 2F
1-2: Foul Ball, location: 2F
1-2: Ball
2-2: Ball
3-2: Foul Ball, location: 2F
3-2: Foul Ball, location: 2F
3-2: Strikes out swinging
Bottom of the 8th over - 0 runs, 0 hits, 0 errors, 0 left on base; Pittsburgh 0 - Las Vegas 1
TOP OF THE 9TH
Pittsburgh Kingfishers batting - Pitching for Las Vegas Flamingos : RHP Miguel Pérez
Pitching: RHP Don Williams
Batting: RHB Bastien Oudin 0-0: Ground out 6-3 (Groundball, 6, EV 100.0 MPH)
Batting: RHB Alohinani Puanani 0-0: Foul Ball, location: 2F
0-1: Foul Ball, location: 2F
0-2: Foul Ball, location: 2F
0-2: Ground out 4-3 (Groundball, 4, EV 86.9 MPH)
Batting: LHB Martín Flores 0-0: Foul Ball, location: 2F
0-1: Swinging Strike
0-2: Ball
1-2: Fly out, F9 (Flyball, 9S, EV 88.1 MPH)
Top of the 9th over - 0 runs, 0 hits, 0 errors, 0 left on base; Pittsburgh 0 - Las Vegas 1
Friday, March 31st , 2023 - OOTP Baseball 23.10 Build 110